 Dungeon Crawl Stone Soup version 0.30-a0-169-g06f667207d (webtiles) character file.

Game seed: 14446515294145326578

2828 qw the Cleaver (level 9, 0/56 HPs)
             Began as a Gargoyle Fighter on Sept 29, 2022.
             Killed from afar by an electric eel (1 damage)
             ... with a bolt of electricity
             ... on level 7 of the Dungeon.
             The game lasted 00:02:19 (6383 turns).

qw the Cleaver (Gargoyle Fighter)                   Turns: 6383, Time: 00:02:20

Health: 0/56       AC: 22    Str: 24    XL:     9   Next: 73%
Magic:  0/9        EV:  7    Int:  9    God:
Gold:   213        SH:  4    Dex:  9    Spells: 8/8 levels left

rFire   . . .      SeeInvis .    Y - +2 war axe (vorpal)
rCold   . . .      Faith    .    c - +0 buckler
rNeg    + . .      Spirit   +    o - +0 plate armour
rPois   inf        Reflect  .    (no helmet)
rElec   +          Harm     .    f - +0 cloak
rCorr   .          Rampage  .    a - +1 pair of gloves
Will    .....                    (no boots)
Stlth   ..........               i - amulet of guardian spirit
HPRegen 0.18/turn                (no ring)
MPRegen 0.11/turn                (no ring)

@: very slow
A: sickness immunity, AC +6, negative energy resistance 1, electricity
resistance, torment resistance 1, petrification resistance
a: no special abilities


You were on level 7 of the Dungeon.
You visited 1 branch of the dungeon, and saw 8 of its levels.

You collected 513 gold pieces.
You spent 300 gold pieces at shops.


Innate Abilities, Weirdness & Mutations

You are immune to sickness and miasma.
Your stone body is resilient. (AC +6)
You are immune to poison.
You resist negative energy. (rN+)
You are resistant to electric shocks. (rElec)
You are resistant to unholy torment.
You are immune to petrification.


   Skills:
 + Level 6.6 Fighting
 - Level 9.0 Axes
 - Level 2.0 Throwing
 - Level 6.3 Armour
 - Level 2.6 Dodging
 - Level 4.4 Shields


You had 8 spell levels left.
You didn't know any spells.
Your spell library was empty.

Inventory:

Hand Weapons
 q - the +10 flail "Ryreacsu" {spect, *Corrode rElec rF+ Stlth+}
   (You found it on level 6 of the Dungeon)

   When its wielder attacks, the weapon's spirit leaps out and strikes again.
   The spirit shares a part of any damage it takes with its wielder.
   rF:        It protects you from fire.
   rElec:     It insulates you from electricity.
   *Corrode:  It may corrode you when you take damage.
   Stlth:     It makes you more stealthy.
 Y - a +2 vorpal war axe (weapon)
Armour
 a - a +1 pair of gloves (worn)
 c - a +0 buckler (worn)
 f - a +0 cloak (worn)
 o - a +0 plate armour (worn)
Jewellery
 i - an amulet of guardian spirit (around neck)
Scrolls
 n - a scroll of teleportation
 p - a scroll of identify
Potions
 b - a potion of lignification
 d - 3 potions of might
 e - 7 potions of curing
 g - a potion of haste
 j - a potion of cancellation
 m - a potion of heal wounds {unknown}
 s - a potion of resistance

Dungeon Overview and Level Annotations

Branches:
Dungeon (8/15)             Temple (0/1) D:6            Lair (0/5) D:8

Altars:
Dithmenos
Makhleb
Nemelex Xobeh
Xom

Shops:
D:2 *   D:4 *


Message History

The wight hits you with a +2 battleaxe. You block the killer bee's attack.
The killer bee stings you but does no damage.
You hit the killer bee.
You kill the killer bee!
You slash the killer bee! You barely miss the wight.
You hit the wight but do no damage. You block the killer bee's attack.
The wight barely misses you. The wight hits you with a +2 battleaxe.
The killer bee stings you but does no damage.
6380 ||| READING 2 scrolls of teleportation.
As you read the scroll of teleportation, it crumbles to dust.
You feel strangely unstable. The killer bee stings you.
The wight hits you but does no damage. The wight hits you with a +2 battleaxe.
The killer bee barely misses you.
You miss the killer bee.
The killer bee is severely wounded.
You hit the wight. You closely miss the wight.
The killer bee stings you but does no damage.
The wight hits you but does no damage. x2
The killer bee stings you but does no damage.
You miss the killer bee.
The killer bee is severely wounded.
You closely miss the wight. You barely miss the wight.
You closely miss the wight. The killer bee stings you.
The wight hits you with a +5 dagger.
The wight hits you but does no damage. x2
The killer bee stings you but does no damage.
You closely miss the killer bee.
The killer bee is severely wounded.
You slash the wight! x2; You hit the wight.
Your surroundings suddenly seem different.
Splash!
You fall into the shallow water.
Moving in this stuff is going to be slow.
An electric eel comes into view.
The electric eel shoots out a bolt of lightning at you!
The bolt of electricity hits you. You resist.
The electric eel shoots out a bolt of lightning at you!
The bolt of electricity hits you. You resist.
You die...

#.~~~~.# #.~~~~.#
#.~~~~.# #.~~~~.#
#.~~~~.# ...$
#.~~~~.# ....
#.~S~~.# ....
#.~~@~.# ....
#......# ....
####+### .... ....
.....# ... )......
..###
.....#.######....#
.........#.....#.#
............%)...#


You could see an electric eel.

Vanquished Creatures
  An elephant (D:8)
  Prince Ribbit (D:6)
  Eustachio (D:6)
  2 basilisks (D:8)
  A yak (D:8)
  A water moccasin (D:6)
  2 sky beasts (D:6)
  2 ogres
  3 centaurs
  A phantom (D:4)
  2 bullfrogs (D:6)
  2 scorpions
  2 wights (D:7)
  5 killer bees (D:7)
  2 hounds
  2 jellies
  Jessica (D:2)
  Natasha (thrice) (D:3)
  An iguana (D:4)
  5 adders
  2 shadow imps (D:5)
  2 white imps (D:5)
  An ufetubus (D:6)
  2 worms
  6 dart slugs
  7 orcs
  10 bats
  9 endoplasms
  2 giant cockroaches
  8 hobgoblins
  4 jackals (D:2)
  4 quokkas
  7 ball pythons
  3 frilled lizards
  8 goblins
  6 kobolds
  8 rats
129 creatures vanquished.

Vanquished Creatures (others)
  A plant (D:4)
1 creature vanquished.

Grand Total: 130 creatures vanquished

Notes
Turn   | Place    | Note
-------+----------+-------------------------------------------
     0 | D:1      | qw the Gargoyle Fighter began the quest for the Orb.
     0 | D:1      | Reached XP level 1. HP: 14/14 MP: 1/1
     0 | D:1      | 0 ||| qw: Version: 0.2-a-12-gaebbb33
     0 | D:1      | 0 ||| qw: Game counter: 1345
     0 | D:1      | 0 ||| qw: Always use a shield: true
     0 | D:1      | 0 ||| qw: God list: Okawaru
     0 | D:1      | 0 ||| qw: Allow faded altars: false
     0 | D:1      | 0 ||| qw: Do Orc after D:15 true
     0 | D:1      | 0 ||| qw: Do second Lair branch before Depths: true
     0 | D:1      | 0 ||| qw: Lair rune preference: random
     0 | D:1      | 0 ||| qw: Plans: Normal, Zot:1-4, God:TSO, Crypt, Tomb,
                  | Pan, Slime:5, Hells, Abyss, Orb
     0 | D:1      | 0 ||| PLANNING D:1-11
    48 | D:1      | Reached skill level 2 in Axes
   156 | D:1      | Found a faded altar of an unknown god.
   205 | D:1      | 205 ||| DROPPING +0 whip.
   221 | D:1      | Reached XP level 2. HP: 19/19 MP: 2/2
   372 | D:1      | 372 ||| Stepping ~*~*~tactically~*~*~ (stealth).
   400 | D:1      | Reached skill level 3 in Axes
   557 | D:1      | Reached XP level 3. HP: 23/23 MP: 3/3
   557 | D:1      | 557 ||| DROPPING +2 mace of protection.
   599 | D:1      | 599 ||| UPGRADING to amulet of guardian spirit.
   604 | D:1      | 604 ||| DROPPING ring of wizardry.
   605 | D:1      | 605 ||| READING scroll labelled ADGHOISA BANOTA.
   606 | D:1      | 606 ||| READING scroll labelled FIONORAHYO.
   841 | D:2      | Found Feicw's General Store.
   844 | D:2      | 844 ||| BUYING potion of curing (39 gold).
   844 | D:2      | Bought a potion of curing for 39 gold pieces
   844 | D:2      | 844 ||| SHOPLISTING scroll of identify (26 gold, have 14).
  1011 | D:2      | 1011 ||| Stepping ~*~*~tactically~*~*~ (stealth).
  1031 | D:2      | Noticed Jessica
  1033 | D:2      | Killed Jessica
  1034 | D:2      | Reached XP level 4. HP: 23/28 MP: 4/4
  1047 | D:2      | 1047 ||| FLEEEEING.
  1272 | D:2      | 1272 ||| Stepping ~*~*~tactically~*~*~ (hiding).
  1277 | D:2      | Reached skill level 4 in Axes
  1849 | D:2      | 1849 ||| UPGRADING to +0 pair of gloves.
  1854 | D:2      | 1854 ||| UPGRADING to +0 cloak.
  1859 | D:2      | 1859 ||| DROPPING +6 ring of intelligence.
  1860 | D:2      | 1860 ||| READING scroll labelled UCRALO HIETEKE.
  1861 | D:2      | 1861 ||| READING scroll labelled JAXTOE LAHI.
  1862 | D:2      | 1862 ||| READING 2 scrolls labelled ZOEJOA DOABEV.
  1925 | D:3      | 1925 ||| STAIRDANCE
  1985 | D:3      | 1985 ||| Stepping ~*~*~tactically~*~*~ (stealth).
  2078 | D:3      | 2078 ||| Stepping ~*~*~tactically~*~*~ (hiding).
  2083 | D:3      | 2083 ||| Stepping ~*~*~tactically~*~*~ (stealth).
  2150 | D:3      | Noticed a centaur
  2151 | D:3      | 2151 ||| Stepping ~*~*~tactically~*~*~ (hiding).
  2158 | D:3      | Killed a centaur
  2159 | D:3      | Reached skill level 5 in Axes
  2159 | D:3      | Reached XP level 5. HP: 30/32 MP: 5/5
  2413 | D:3      | Noticed Natasha
  2416 | D:3      | Killed Natasha
  2472 | D:3      | 2472 ||| Stepping ~*~*~tactically~*~*~ (stealth).
  2581 | D:3      | Found a shimmering altar of Xom.
  2588 | D:3      | 2588 ||| FLEEEEING.
  2589 | D:3      | 2589 ||| FLEEEEING.
  2594 | D:3      | 2594 ||| FLEEEEING.
  2595 | D:3      | 2595 ||| FLEEEEING.
  2795 | D:3      | Found a shadowy altar of Dithmenos.
  2855 | D:3      | Noticed a centaur
  2856 | D:3      | 2856 ||| Stepping ~*~*~tactically~*~*~ (hiding).
  2861 | D:3      | Killed a centaur
  2862 | D:3      | Reached XP level 6. HP: 31/39 MP: 4/6
  3001 | D:3      | Noticed Natasha
  3008 | D:3      | Killed Natasha
  3134 | D:3      | 3134 ||| UPGRADING to +0 plate armour.
  3144 | D:3      | 3144 ||| DROPPING +0 scale mail.
  3145 | D:3      | 3145 ||| READING scroll labelled HEXOGG GEFAH.
  3146 | D:3      | 3146 ||| READING scroll labelled CIEM SUSOQITY.
  3147 | D:3      | 3147 ||| READING scroll labelled YGIADE TAREA.
  3148 | D:3      | 3148 ||| READING scroll labelled BUTYCL HAIGIOD.
  3149 | D:3      | 3149 ||| DRINKING 4 white potions.
  3150 | D:3      | 3150 ||| DRINKING 2 blue potions.
  3151 | D:3      | 3151 ||| DROPPING 3 potions of invisibility.
  3153 | D:3      | Noticed Natasha
  3158 | D:3      | Killed Natasha
  3202 | D:4      | Found a sparkling altar of Nemelex Xobeh.
  3377 | D:4      | Reached skill level 6 in Axes
  3377 | D:4      | Reached XP level 7. HP: 39/44 MP: 5/7
  3520 | D:4      | 3520 ||| Stepping ~*~*~tactically~*~*~ (hiding).
  3658 | D:4      | 3658 ||| Stepping ~*~*~tactically~*~*~ (stealth).
  3759 | D:4      | Found Wejug's Assorted Antiques.
  3773 | D:4      | 3773 ||| BUYING 2 red potions (48 gold).
  3773 | D:4      | Bought 2 red potions for 48 gold pieces
  3773 | D:4      | 3773 ||| BUYING 2 scrolls labelled TUTSIEN CEHAYTH (54
                  | gold).
  3773 | D:4      | Bought 2 scrolls labelled TUTSIEN CEHAYTH for 54 gold
                  | pieces
  3773 | D:4      | 3773 ||| BUYING fizzy yellow potion (24 gold).
  3773 | D:4      | Bought a fizzy yellow potion for 24 gold pieces
  3773 | D:4      | 3773 ||| BUYING potion of curing (81 gold).
  3773 | D:4      | Bought a potion of curing for 81 gold pieces
  3773 | D:4      | 3773 ||| SHOPLISTING potion of might (108 gold, have 86).
  3773 | D:4      | 3773 ||| BUYING scroll of identify (54 gold).
  3773 | D:4      | Bought a scroll of identify for 54 gold pieces
  3773 | D:4      | 3773 ||| SHOPLISTING scroll of identify (54 gold, have 32).
  3773 | D:4      | 3773 ||| SHOPLISTING scroll of teleportation (81 gold, have
                  | 32).
  3773 | D:4      | 3773 ||| SHOPLISTING shiny buckler (202 gold, have 32).
  3889 | D:4      | 3889 ||| READING scroll labelled QOSOIT CANG.
  3941 | D:4      | 3941 ||| READING 2 scrolls labelled TUTSIEN CEHAYTH.
  3942 | D:4      | 3942 ||| READING scroll of enchant weapon.
  3942 | D:4      | 3942 ||| ENCHANTING +1 vorpal war axe.
  3943 | D:4      | 3943 ||| DRINKING 2 inky potions.
  3944 | D:4      | 3944 ||| DRINKING 2 red potions.
  4045 | D:4      | 4045 ||| READING 3 scrolls of identify.
  4045 | D:4      | 4045 ||| IDENTIFYING green potion
  4046 | D:4      | 4046 ||| READING 2 scrolls of identify.
  4046 | D:4      | 4046 ||| IDENTIFYING fizzy yellow potion
  4047 | D:4      | 4047 ||| DROPPING potion of ambrosia.
  4048 | D:4      | 4048 ||| DROPPING potion of magic.
  4088 | D:5      | Entered Level 5 of the Dungeon
  4089 | D:5      | 4089 ||| PLANNING SEWER
  4092 | D:5      | 4092 ||| STAIRDANCE
  4217 | D:5      | Reached skill level 1 in Throwing
  4229 | D:5      | 4229 ||| Stepping ~*~*~tactically~*~*~ (hiding).
  4232 | D:5      | 4232 ||| Stepping ~*~*~tactically~*~*~ (hiding).
  4233 | D:5      | 4233 ||| Stepping ~*~*~tactically~*~*~ (hiding).
  4554 | D:5      | 4554 ||| Stepping ~*~*~tactically~*~*~ (hiding).
  4555 | D:5      | 4555 ||| Stepping ~*~*~tactically~*~*~ (hiding).
  4635 | D:5      | Found a glowing drain.
  4636 | D:5      | 4636 ||| READING scroll labelled TAWA ELOCYECA.
  4637 | D:5      | 4637 ||| READING scroll labelled BANIOF EHOZORUUBB.
  4638 | D:5      | 4638 ||| READING 2 scrolls of identify.
  4638 | D:5      | 4638 ||| IDENTIFYING sedimented ruby potion
  4648 | D:5      | 4648 ||| READING 3 scrolls of teleportation.
  4765 | D:5      | 4765 ||| RIP SEWER
  4767 | D:5      | Found a burning altar of Makhleb.
  4768 | D:5      | 4768 ||| PLANNING D:1-11
  4839 | D:5      | 4839 ||| Stepping ~*~*~tactically~*~*~ (hiding).
  5164 | D:6      | Reached XP level 8. HP: 48/48 MP: 8/8
  5166 | D:6      | 5166 ||| Stepping ~*~*~tactically~*~*~ (stealth).
  5168 | D:6      | 5168 ||| Stepping ~*~*~tactically~*~*~ (stealth).
  5169 | D:6      | 5169 ||| Stepping ~*~*~tactically~*~*~ (stealth).
  5203 | D:6      | Found a staircase to the Ecumenical Temple.
  5207 | D:6      | Noticed Eustachio
  5225 | D:6      | Killed Eustachio
  5226 | D:6      | Reached skill level 7 in Axes
  5270 | D:6      | Noticed Prince Ribbit
  5282 | D:6      | Killed Prince Ribbit
  5349 | D:6      | Identified the ring "Tugijoy" {rElec rPois Will+ Slay-3}
  5475 | D:6      | Identified the +10 flail "Ryreacsu" {spect, *Corrode rElec
                  | rF+ Stlth+}
  5477 | D:6      | 5477 ||| DROPPING +0 flail.
  5515 | D:6      | Reached skill level 8 in Axes
  5553 | D:6      | You fall into a shaft and drop 2 floors!
  5575 | D:8      | Noticed an elephant
  5575 | D:8      | Noticed a yak
  5576 | D:8      | 5576 ||| Stepping ~*~*~tactically~*~*~ (hiding).
  5580 | D:8      | Found a staircase to the Lair.
  5593 | D:8      | Killed an elephant
  5594 | D:8      | Reached skill level 6 in Armour
  5594 | D:8      | Reached XP level 9. HP: 40/54 MP: 7/9
  5603 | D:8      | Reached skill level 6 in Fighting
  5843 | D:8      | 5843 ||| READING scroll of enchant armour.
  5843 | D:8      | 5843 ||| ENCHANTING +0 pair of gloves.
  5848 | D:8      | 5848 ||| DROPPING ring "Tugijoy" {rElec rPois Will+
                  | Slay-3}.
  6184 | D:6      | 6184 ||| Stepping ~*~*~tactically~*~*~ (stealth).
  6219 | D:6      | 6219 ||| READING 2 scrolls of identify.
  6219 | D:6      | 6219 ||| IDENTIFYING purple potion
  6220 | D:6      | 6220 ||| DROPPING potion of berserk rage.
  6355 | D:7      | Reached skill level 9 in Axes
  6355 | D:7      | 6355 ||| FLEEEEING.
  6356 | D:7      | 6356 ||| FLEEEEING.
  6379 | D:7      | HP: 13/56 [wight/+2 battleaxe (5)]
  6380 | D:7      | 6380 ||| READING 2 scrolls of teleportation.
  6382 | D:7      | HP: 6/56 [killer bee (3)]
  6382 | D:7      | HP: 2/56 [wight/+5 dagger (4)]
  6383 | D:7      | Killed from afar by an electric eel

Levels and vault maps discovered:
D:1:      amcnicky_arrival_underground_garden, layout_rooms,
          shapermc_ecumenical_altar_venn, minmay_misc_feat_iff
D:2:      layout_basic, serial_shops, nicolae_shop_behind_doors, uniq_jessica
D:3:      minmay_razor_zed, layout_loops_ring,
          mainiacjoe_overflow_concentric_impassable,
          mainiacjoe_overflow_tiny_flanked, uniq_natasha
D:4:      layout_rooms, mainiacjoe_overflow_small_starburst, serial_shops,
          shop_coins, serial_bayou_pond_e
D:5:      layout_basic, mainiacjoe_overflow_alcove_2,
          cheibrodos_sewer_entry_bend
D:6:      layout_loops_cross, minmay_temple_entry_glassed_door,
          uniq_prince_ribbit1, uniq_eustachio
D:7:      layout_rooms, serial_glass, glass_columns_b, glass_columns_a,
          nrook_pool_corridor
D:8:      layout_loops_cross, nicolae_ru_great_annihilating_truth,
          david_lair_generic, minmay_misc_feat_nine_boxes,
          nicolae_elemental_shop

Skill      XL: |  1  2  3  4  5  6  7  8  9 |
---------------+----------------------------+-----
Axes           | 2 3 5 6 8 9 |  9.0
Fighting       | 4 5 6 |  6.6
Armour         | 4 6 |  6.3
Throwing       | 2 |  2.0
Dodging        | 2 |  2.6
Shields        | 4 |  4.4

Action                   |  1- 3 |  4- 6 |  7- 9 || total
-------------------------+-------+-------+-------++-------
Melee: War axe           |    88 |   119 |   182 ||   389
Throw: Javelin           |       |       |    34 ||    34
  Use: Scroll            |     2 |     7 |    12 ||    21
       Potion            |       |     2 |     2 ||     4
Armor: Scale mail        |    38 |    47 |       ||    85
       Plate armour      |       |    12 |   149 ||   161
Dodge: Dodged            |    42 |    40 |    61 ||   143
Block: Buckler           |    14 |    22 |    37 ||    73

Table legend:
 A = Non-vault XP
 B = Vault XP
 C = Vault XP percentage of total XP
 D = Non-vault monster count
 E = Vault monster count
 F = Vault count percentage of total count
                 A         B        C        D         E       F
            +---------+---------+-------+---------+---------+-------
      Total |    2304 |    1737 |  43.0 |     110 |      19 |  14.7
            +---------+---------+-------+---------+---------+-------
        D:1 |      34 |       0 |   0.0 |      21 |       0 |   0.0
        D:2 |      48 |      37 |  43.5 |      24 |       1 |   4.0
        D:3 |     202 |     161 |  44.4 |      16 |      11 |  40.7
        D:4 |     307 |       0 |   0.0 |      16 |       0 |   0.0
        D:5 |     354 |       5 |   1.4 |      11 |       1 |   8.3
        D:6 |     694 |     471 |  40.4 |      10 |       2 |  16.7
        D:7 |     662 |       0 |   0.0 |      11 |       0 |   0.0
        D:8 |       3 |    1063 |  99.7 |       1 |       4 |  80.0
            +---------+---------+-------+---------+---------+-------
